Map: Hecate LE

Players

xMrTongits - Winner!

  • Race: Terran Terran
  • League: Diamond
  • Spawn Location: 7:00

SubN

  • Race: Zerg Zerg
  • League: Diamond
  • Spawn Location: 1:00

VOD

Have the link to the VOD?

Description

Time

  • Played on: Dec. 24, 2023, 5:05 p.m.
  • Length: 8:03
Show
View Real Time Build Order
Export as new Build Order

xMrTongits Terran - Winner!

Build Orders:  

Get SALT Encoding   

  12  0:00  SCV  
  13  0:13  SCV  
  14  0:16  Supply Depot  
  14  0:25  SCV  
  15  0:39  Refinery  
  15  0:40  Barracks  
  15  0:44  SCV  
  16  0:56  SCV  
  17  1:09  SCV  
  18  1:21  SCV  
  19  1:37  Bunker, Orbital Command  
  19  1:39  Marine  
  20  1:55  Command Center  
  20  2:04  Marine  
  20  2:05  Supply Depot  
  21  2:11  SCV  
  22  2:27  SCV  
  22  2:28  Reaper, Factory  
  24  2:37  Barracks  
  24  2:40  Refinery  
  24  2:43  SCV  
  25  2:55  SCV  
  26  2:59  Supply Depot  
  26  3:00  Marine  
  27  3:08  SCV  
  27  3:09  SCV  
  29  3:15  Supply Depot  
  29  3:17  Factory Tech Lab  
  29  3:18  Marine  
  30  3:20  SCV  
  30  3:22  SCV  
  30  3:26  Barracks Tech Lab  
  31  3:36  Marine  
  32  3:46  Stimpack  
  32  3:47  SCV x2  
  34  3:48  Siege Tank  
  37  3:59  SCV  
  37  4:01  Barracks  
  38  4:05  Starport  
  38  4:10  Orbital Command  
  38  4:16  SCV  
  39  4:28  Marine  
  39  4:29  Widow Mine  
  39  4:31  Orbital Command  
  42  4:34  Engineering Bay  
  42  4:35  SCV  
  43  4:40  Marine  
  44  4:46  Marine  
  44  4:49  SCV  
  44  4:51  Marine  
  47  4:58  Marine  
  48  5:06  Bunker, SCV x2  
  50  5:07  Marine  
  50  5:09  Marine  
  50  5:11  Starport Reactor  
  52  5:15  Missile Turret, Marine  
  52  5:17  Missile Turret  
  52  5:18  SCV x2  
  55  5:25  Marine, Combat Shield  
  55  5:27  Marine  
  57  5:30  SCV x2  
  57  5:34  Marine  
  60  5:43  Marine  
  60  5:44  Marine  
  62  5:57  Supply Depot  
  62  6:00  Marine x2  
  62  6:01  Engineering Bay, SCV x2, Medivac x2  
  70  6:06  Supply Depot  
  70  6:07  Supply Depot  
  70  6:11  Supply Depot, Armory  
  70  6:19  SCV, Widow Mine  
  73  6:31  Medivac  
  75  6:37  Marine  
  75  6:39  Missile Turret  
  76  6:42  Marine  
  76  6:43  Barracks, Widow Mine  
  76  6:44  Barracks  
  76  6:46  Barracks  
  79  6:47  Refinery  
  79  6:48  Refinery  
  79  6:53  Marine  
  80  6:55  Marine  
  80  6:59  Marine  
  82  7:06  Medivac x2  
  82  7:08  SCV  
  87  7:10  Marine, Concussive Shells  
  87  7:12  Widow Mine  
  87  7:13  Marine  
  91  7:17  Marine  
  91  7:20  Supply Depot  
  92  7:28  Marine  
  93  7:31  Marine  
Show
View Real Time Build Order
Export as new Build Order

SubN Zerg 

Build Orders: Pool First 

Get SALT Encoding   

  12  0:00  Drone  
  13  0:12  Overlord  
  13  0:19  Drone  
  14  0:30  Drone x2  
  14  0:35  Drone  
  17  0:42  Extractor  
  16  0:44  Drone  
  17  0:52  Spawning Pool  
  16  1:00  Drone  
  17  1:11  Drone  
  18  1:22  Hatchery  
  17  1:28  Drone  
  17  1:30  Drone  
  19  1:40  Queen  
  21  1:50  Metabolic Boost  
  21  1:56  Overlord  
  21  2:00  Drone  
  22  2:07  Overlord  
  22  2:24  Drone x2  
  24  2:32  Drone  
  24  2:34  Queen  
  27  2:40  Pneumatized Carapace  
  27  2:48  Hatchery  
  27  2:51  Drone  
  27  3:03  Drone x4  
  31  3:09  Zergling x4  
  31  3:10  Zergling x2  
  34  3:15  Drone  
  34  3:17  Queen  
  37  3:36  Drone x6  
  43  3:45  Overlord  
  43  3:48  Overlord  
  43  3:49  Overlord  
  43  3:55  Extractor  
  43  4:01  Overlord x2  
  42  4:03  Queen  
  42  4:06  Drone  
  42  4:09  Drone  
  46  4:10  Queen  
  46  4:16  Drone x2  
  50  4:28  Drone  
  50  4:29  Drone  
  50  4:30  Drone  
  53  4:32  Drone x2  
  55  4:45  Drone x8  
  63  4:47  Queen  
  63  4:49  Queen  
  63  4:52  Lair  
  67  4:57  Drone  
  67  4:58  Baneling Nest  
  66  5:04  Drone x6  
  72  5:08  Drone  
  72  5:09  Extractor  
  72  5:10  Extractor  
  72  5:12  Drone  
  72  5:13  Extractor  
  71  5:16  Extractor  
  71  5:20  Overlord  
  71  5:21  Overlord x3  
  70  5:24  Drone x2  
  72  5:29  Drone x3  
  72  5:31  Drone x2, Evolution Chamber x2  
  72  5:32  Drone  
  72  5:34  Drone  
  72  5:35  Drone x2  
  79  5:45  Drone x3  
  82  5:57  Centrifugal Hooks  
  82  5:58  Zerg Melee Weapons Level 1, Zerg Ground Armor Level 1  
  82  6:01  Overlord x2  
  82  6:02  Zergling x2  
  82  6:03  Zergling x12  
  89  6:21  Overlord  
  89  6:34  Queen  
  89  6:36  Queen  
  89  6:38  Drone x3  
  96  6:41  Drone  
  96  6:43  Hydralisk Den  
  96  6:45  Baneling  
  96  6:46  Baneling x3  
  96  6:47  Baneling  
  96  6:58  Baneling x3  
  96  6:59  Baneling x4  
  96  7:01  Overlord x2  
  94  7:33  Overseer  
Tags
 
Matchup
TvZ
Opening
Pool First
Replay Pack
2025 replay dump
Spawn Locations
Cross Positions
Add a new tag
Caveats
  • Supply blocks, unpowered buildings, or Contaminate may cause inaccurate times.
  • Supply counts are checked every 10 seconds.